General information
- name: BNet
- type: Ladder team game (AT/RT)
- host: Battle.net
- saver: forest-of-acada
map: FullScaleAssault
- players: 8
- length: 65:49
- speed: Fast
- version: 1.26 W3XP
- replay type: Public
» download(457 KB)
Players
team 1 (winner)

»
NeonPeon (
green | 52 APM | 3398 actions | 65:44)
9 Warden
3 Shadow Strike
3 Fan of Knives
1 Spirit of Vengeance
2 Blink
6 Keeper of the Grove
3 Entangling Roots
2 Thorns Aura
1 Tranquility
» actions
| Assign group hotkey | 192 | |
| Basic commands | 93 | |
| Build / train | 110 | |
| Enter build submenu | 13 | |
| Enter hero's abilities submenu | 15 | |
| Give item / drop item | 6 | |
| Remove unit from queue | 5 | |
| Right click | 1959 | |
| Select / deselect | 390 | |
| Select group hotkey | 487 | |
| Use ability | 128 | |
3398 total
» units
| Wisp | 19 | |
| Huntress | 6 | |
| Dryad | 31 | |
| Blue Dragon | 1 | |
| Druid of the Claw | 4 | |
61 total
» upgrades
| Strength of the Wild | 3 | |
| Reinforced Hides | 2 | |
| Strength of the Moon | 3 | |
| Moon Armor | 4 | |
| Abolish Magic | 1 | |
| Well Spring | 1 | |
| Ultravision | 1 | |
| Marksmanship | 1 | |
| Improved Bows | 1 | |
| Druid of the Claw Training | 2 | |
| Mark of the Claw | 1 | |
20 total
» buildings
| Hunter's Hall | 1 | |
| Ancient of War | 1 | |
| Moon Well | 8 | |
| Altar of Elders | 1 | |
| Ancient of Wonders | 1 | |
| Tree of Ages | 1 | |
| Tree of Eternity | 1 | |
| Tree of Life | 1 | |
| Ancient of Lore | 3 | |
18 total
» build order
01:02 Hunter's Hall
01:06 Ancient of War
01:07 Moon Well
01:38 Altar of Elders
02:21 Moon Well
02:54 Moon Well
03:46 Ancient of Wonders
04:30 Tree of Ages
06:53 Tree of Eternity
07:04 Tree of Life
07:11 Ancient of Lore
07:12 Ancient of Lore
07:22 Ancient of Lore
09:06 Moon Well
09:06 Moon Well
11:24 Moon Well
11:26 Moon Well
11:27 Moon Well
» items
| Scroll of Town Portal | 3 | |
| Orb of Venom | 1 | |
4 total

»
THOTH (
red | 80 APM | 5284 actions | 65:44)
4 Archmage
2 Summon Water Elemental
2 Brilliance Aura
7 Paladin
3 Holy Light
2 Divine Shield
1 Resurrection
1 Devotion Aura
4 Mountain King
2 Storm Bolt
2 Thunder Clap
» actions
| Assign group hotkey | 53 | |
| Basic commands | 116 | |
| Build / train | 85 | |
| ESC pressed | 10 | |
| Enter build submenu | 28 | |
| Enter hero's abilities submenu | 18 | |
| Give item / drop item | 6 | |
| Right click | 2597 | |
| Select / deselect | 511 | |
| Select group hotkey | 1671 | |
| Use ability | 189 | |
5284 total
» units
| Peasant | 18 | |
| Siege Engine | 22 | |
| Goblin Zeppelin | 1 | |
| Goblin Sapper | 1 | |
42 total
» upgrades
| Lumber Harvesting | 2 | |
| Gunpowder | 3 | |
| Plating | 3 | |
| Barrage | 1 | |
9 total
» buildings
| Altar of Kings | 1 | |
| Farm | 13 | |
| Scout Tower | 4 | |
| Arcane Tower | 2 | |
| Lumber Mill | 1 | |
| Town Hall | 1 | |
| Keep | 1 | |
| Guard Tower | 2 | |
| Blacksmith | 1 | |
| Castle | 1 | |
| Workshop | 5 | |
32 total
» build order
00:29 Altar of Kings
00:39 Farm
01:20 Scout Tower
01:37 Farm
01:51 Arcane Tower
02:00 Lumber Mill
02:09 Farm
03:38 Town Hall
03:48 Scout Tower
04:05 Scout Tower
04:08 Scout Tower
04:18 Arcane Tower
04:50 Keep
05:31 Guard Tower
06:58 Blacksmith
07:02 Farm
07:03 Farm
07:03 Farm
07:14 Castle
08:17 Workshop
08:19 Workshop
08:21 Workshop
08:42 Workshop
09:30 Farm
09:30 Farm
09:36 Farm
10:34 Farm
10:36 Farm
10:37 Farm
13:45 Farm
14:48 Workshop
» items
| Boots of Speed | 2 | |
| Circlet of Nobility | 4 | |
| Potion of Lesser Invulnerability | 2 | |
| Staff of Teleportation | 1 | |
9 total
TreesHaveEyes (
blue | 56 APM | 3655 actions | 65:44)
10 Keeper of the Grove
3 Force of Nature
3 Thorns Aura
2 Tranquility
2 Entangling Roots
» actions
| Assign group hotkey | 217 | |
| Basic commands | 45 | |
| Build / train | 246 | |
| Enter build submenu | 133 | |
| Enter hero's abilities submenu | 9 | |
| Give item / drop item | 2 | |
| Remove unit from queue | 10 | |
| Right click | 1902 | |
| Select / deselect | 562 | |
| Select group hotkey | 276 | |
| Use ability | 253 | |
3655 total
» units
| Wisp | 181 | |
| Goblin Zeppelin | 3 | |
| Goblin Shredder | 1 | |
| Goblin Sapper | 3 | |
| Hippogryph | 8 | |
196 total
» upgrades
| Well Spring | 1 | |
| Ultravision | 1 | |
| Nature's Blessing | 1 | |
| Strength of the Wild | 3 | |
| Reinforced Hides | 3 | |
9 total
» buildings
| Moon Well | 25 | |
| Altar of Elders | 1 | |
| Hunter's Hall | 2 | |
| Ancient Protector | 101 | |
| Tree of Ages | 1 | |
| Tree of Life | 5 | |
| Tree of Eternity | 1 | |
| Ancient of Wind | 4 | |
140 total
» build order
00:38 Moon Well
00:44 Altar of Elders
01:08 Moon Well
01:08 Moon Well
02:16 Moon Well
03:41 Hunter's Hall
04:47 Ancient Protector
04:48 Ancient Protector
04:49 Ancient Protector
04:49 Ancient Protector
04:57 Ancient Protector
05:00 Ancient Protector
05:02 Ancient Protector
05:14 Moon Well
05:15 Moon Well
05:36 Moon Well
06:55 Tree of Ages
07:01 Tree of Life
07:55 Ancient Protector
07:56 Ancient Protector
07:57 Ancient Protector
07:57 Ancient Protector
08:39 Moon Well
11:19 Tree of Life
11:22 Ancient Protector
11:23 Ancient Protector
11:24 Ancient Protector
11:24 Ancient Protector
11:24 Ancient Protector
11:25 Ancient Protector
11:26 Ancient Protector
12:37 Tree of Eternity
13:49 Ancient Protector
13:49 Ancient Protector
13:50 Ancient Protector
19:49 Ancient Protector
19:49 Ancient Protector
19:49 Ancient Protector
19:50 Ancient Protector
19:51 Ancient Protector
19:52 Ancient Protector
19:56 Ancient Protector
19:56 Ancient Protector
19:57 Ancient Protector
19:58 Ancient Protector
19:58 Ancient Protector
19:59 Ancient Protector
20:00 Ancient Protector
20:01 Ancient Protector
20:01 Ancient Protector
20:13 Ancient Protector
20:17 Ancient Protector
20:18 Ancient Protector
20:19 Ancient Protector
20:20 Ancient Protector
20:20 Ancient Protector
20:21 Ancient Protector
20:37 Moon Well
20:37 Moon Well
20:37 Moon Well
20:38 Moon Well
20:38 Moon Well
20:39 Moon Well
20:39 Moon Well
20:41 Moon Well
20:41 Moon Well
20:42 Moon Well
20:43 Moon Well
20:43 Moon Well
20:45 Moon Well
20:45 Moon Well
20:46 Moon Well
20:46 Moon Well
24:17 Moon Well
25:06 Ancient Protector
25:08 Ancient Protector
25:08 Ancient Protector
25:09 Ancient Protector
25:10 Ancient Protector
25:10 Ancient Protector
25:11 Ancient Protector
27:03 Ancient Protector
27:04 Ancient Protector
27:04 Ancient Protector
27:05 Ancient Protector
27:05 Ancient Protector
27:09 Tree of Life
27:14 Ancient Protector
27:15 Ancient Protector
27:15 Ancient Protector
27:17 Ancient Protector
27:17 Ancient Protector
27:26 Ancient Protector
27:27 Ancient Protector
27:28 Ancient Protector
27:28 Ancient Protector
28:51 Ancient Protector
34:03 Tree of Life
34:09 Ancient Protector
34:09 Ancient Protector
34:09 Ancient Protector
34:10 Ancient Protector
34:15 Ancient Protector
34:16 Ancient Protector
34:16 Ancient Protector
34:16 Ancient Protector
34:17 Ancient Protector
34:17 Ancient Protector
34:18 Ancient Protector
34:23 Ancient Protector
34:24 Ancient Protector
35:35 Ancient Protector
39:59 Ancient Protector
40:00 Ancient Protector
40:00 Ancient Protector
40:02 Ancient Protector
40:02 Ancient Protector
40:03 Ancient Protector
40:04 Ancient Protector
40:04 Ancient Protector
42:51 Ancient Protector
42:55 Ancient Protector
42:55 Ancient Protector
42:56 Ancient Protector
42:56 Ancient Protector
42:57 Ancient Protector
42:58 Ancient Protector
49:48 Ancient of Wind
49:49 Ancient of Wind
49:51 Ancient of Wind
49:57 Ancient of Wind
56:28 Hunter's Hall
58:05 Ancient Protector
58:06 Ancient Protector
58:07 Ancient Protector
61:37 Tree of Life
» items
| Boots of Speed | 1 | |
| Staff of Teleportation | 1 | |
| Scroll of Town Portal | 6 | |
| Anti-magic Potion | 1 | |
| Potion of Healing | 1 | |
| Periapt of Vitality | 2 | |
| Tome of Retraining | 1 | |
| Potion of Invisibility | 1 | |
14 total
forest-of-acada (
purple | 56 APM | 3694 actions | 65:49)
7 Keeper of the Grove
3 Entangling Roots
3 Thorns Aura
1 Tranquility
» actions
| Assign group hotkey | 58 | |
| Basic commands | 31 | |
| Build / train | 169 | |
| Enter build submenu | 72 | |
| Enter hero's abilities submenu | 7 | |
| Give item / drop item | 2 | |
| Remove unit from queue | 4 | |
| Right click | 1549 | |
| Select / deselect | 395 | |
| Select group hotkey | 1167 | |
| Use ability | 240 | |
3694 total
» units
| Wisp | 118 | |
| Goblin Shredder | 1 | |
| Goblin Zeppelin | 1 | |
| Chimaera | 3 | |
| Hippogryph | 7 | |
130 total
» upgrades
| Ultravision | 1 | |
| Nature's Blessing | 1 | |
| Strength of the Wild | 3 | |
| Reinforced Hides | 3 | |
| Corrosive Breath | 1 | |
| Well Spring | 1 | |
10 total
» buildings
| Moon Well | 9 | |
| Altar of Elders | 1 | |
| Hunter's Hall | 1 | |
| Ancient Protector | 109 | |
| Tree of Life | 3 | |
| Tree of Ages | 3 | |
| Ancient of Wind | 9 | |
| Ancient of Wonders | 1 | |
| Tree of Eternity | 2 | |
| Chimaera Roost | 4 | |
142 total
» build order
00:16 Moon Well
00:38 Altar of Elders
01:08 Hunter's Hall
01:38 Moon Well
02:55 Ancient Protector
03:11 Ancient Protector
03:39 Ancient Protector
03:59 Ancient Protector
04:11 Ancient Protector
04:27 Ancient Protector
05:30 Tree of Life
05:33 Ancient Protector
05:34 Ancient Protector
05:53 Ancient Protector
06:22 Ancient Protector
06:47 Ancient Protector
07:00 Ancient Protector
07:13 Ancient Protector
07:28 Ancient Protector
09:23 Tree of Ages
09:38 Ancient Protector
09:52 Ancient Protector
10:10 Ancient Protector
10:11 Ancient Protector
10:36 Ancient Protector
10:37 Ancient Protector
11:00 Ancient Protector
11:03 Ancient Protector
12:15 Tree of Life
12:18 Ancient Protector
12:50 Ancient Protector
12:50 Ancient Protector
12:51 Ancient Protector
12:51 Ancient Protector
12:52 Ancient Protector
13:11 Ancient of Wind
13:12 Ancient of Wind
13:15 Moon Well
13:17 Moon Well
13:18 Moon Well
15:05 Ancient Protector
15:05 Ancient Protector
15:06 Ancient Protector
15:06 Ancient Protector
15:06 Ancient Protector
15:08 Ancient Protector
15:08 Ancient Protector
15:41 Tree of Life
15:46 Ancient Protector
15:47 Ancient Protector
15:55 Ancient Protector
15:55 Ancient Protector
15:55 Ancient Protector
15:58 Ancient Protector
16:09 Ancient of Wonders
16:13 Tree of Eternity
17:23 Ancient Protector
17:24 Ancient Protector
17:24 Ancient Protector
17:27 Ancient Protector
17:28 Ancient Protector
17:28 Ancient Protector
19:03 Ancient Protector
19:04 Ancient Protector
19:04 Ancient Protector
19:04 Ancient Protector
19:05 Ancient Protector
19:07 Ancient Protector
19:08 Ancient Protector
19:08 Ancient Protector
19:08 Ancient Protector
19:09 Ancient Protector
19:10 Ancient Protector
19:17 Ancient Protector
19:27 Ancient Protector
20:09 Ancient Protector
20:10 Ancient Protector
20:11 Ancient Protector
20:52 Chimaera Roost
21:22 Ancient Protector
21:23 Ancient Protector
21:30 Ancient Protector
21:37 Chimaera Roost
22:09 Ancient Protector
22:10 Ancient Protector
22:11 Ancient Protector
22:11 Ancient Protector
22:21 Ancient Protector
22:56 Chimaera Roost
24:01 Ancient Protector
24:01 Ancient Protector
24:02 Ancient Protector
24:02 Ancient Protector
24:03 Ancient Protector
24:04 Ancient Protector
24:25 Ancient Protector
24:28 Ancient Protector
24:42 Chimaera Roost
24:57 Ancient Protector
25:13 Ancient Protector
25:42 Ancient Protector
27:41 Ancient Protector
27:42 Ancient Protector
28:05 Ancient Protector
28:07 Ancient Protector
28:10 Ancient Protector
29:07 Ancient Protector
29:43 Ancient Protector
32:31 Ancient Protector
32:32 Ancient Protector
32:32 Ancient Protector
32:33 Ancient Protector
32:33 Ancient Protector
32:33 Ancient Protector
32:43 Ancient Protector
32:44 Ancient Protector
32:44 Ancient Protector
32:45 Ancient Protector
32:45 Ancient Protector
33:26 Ancient Protector
35:22 Ancient Protector
35:22 Ancient Protector
35:23 Ancient Protector
35:23 Ancient Protector
35:23 Ancient Protector
38:13 Ancient of Wind
38:14 Ancient of Wind
38:14 Ancient of Wind
38:15 Ancient of Wind
38:15 Ancient of Wind
38:22 Ancient of Wind
38:23 Ancient of Wind
63:35 Moon Well
63:37 Moon Well
63:38 Moon Well
63:38 Moon Well
» items
| Staff of Teleportation | 1 | |
| Potion of Invisibility | 2 | |
| Potion of Lesser Invulnerability | 2 | |
| Scroll of Town Portal | 3 | |
8 total
team 2 (loser)
kbha1020 (
orange | 99 APM | 4133 actions | 41:40)
5 Priestess of the Moon
1 Searing Arrows
3 Trueshot Aura
1 Scout
4 Dark Ranger
2 Black Arrow
2 Life Drain
1 Keeper of the Grove
1 Entangling Roots
» actions
| Assign group hotkey | 39 | |
| Build / train | 101 | |
| Enter build submenu | 35 | |
| Enter hero's abilities submenu | 10 | |
| Give item / drop item | 7 | |
| Remove unit from queue | 5 | |
| Right click | 1875 | |
| Select / deselect | 447 | |
| Select group hotkey | 1541 | |
| Use ability | 73 | |
4133 total
» units
| Wisp | 32 | |
| Faerie Dragon | 3 | |
| Chimaera | 23 | |
| Hippogryph | 1 | |
| Blue Drake | 2 | |
| Druid of the Claw | 1 | |
| Dryad | 2 | |
64 total
» upgrades
| Strength of the Wild | 3 | |
| Reinforced Hides | 2 | |
| Corrosive Breath | 1 | |
| Druid of the Claw Training | 2 | |
| Abolish Magic | 1 | |
| Mark of the Claw | 1 | |
10 total
» buildings
| Moon Well | 14 | |
| Altar of Elders | 2 | |
| Ancient of Wonders | 2 | |
| Hunter's Hall | 2 | |
| Tree of Ages | 2 | |
| Ancient Protector | 3 | |
| Tree of Eternity | 2 | |
| Ancient of Wind | 2 | |
| Chimaera Roost | 6 | |
| Tree of Life | 5 | |
| Ancient of Lore | 3 | |
43 total
» build order
00:12 Moon Well
00:20 Altar of Elders
00:59 Ancient of Wonders
01:20 Moon Well
02:06 Hunter's Hall
02:36 Moon Well
03:12 Tree of Ages
03:19 Ancient Protector
03:43 Moon Well
04:47 Moon Well
05:35 Tree of Eternity
06:26 Ancient of Wind
06:31 Ancient of Wind
07:10 Moon Well
08:11 Chimaera Roost
08:12 Chimaera Roost
08:13 Chimaera Roost
09:19 Tree of Life
17:12 Ancient Protector
17:21 Ancient Protector
17:42 Chimaera Roost
17:43 Chimaera Roost
17:44 Chimaera Roost
19:04 Moon Well
19:07 Tree of Life
19:10 Moon Well
19:13 Moon Well
19:16 Moon Well
19:47 Tree of Life
21:51 Tree of Ages
24:28 Hunter's Hall
24:32 Ancient of Wonders
25:43 Ancient of Lore
25:46 Ancient of Lore
25:50 Ancient of Lore
26:05 Altar of Elders
27:21 Tree of Eternity
29:22 Moon Well
29:23 Moon Well
29:25 Moon Well
29:26 Moon Well
38:13 Tree of Life
41:17 Tree of Life
» items
| Potion of Healing | 2 | |
| Circlet of Nobility | 1 | |
| Potion of Lesser Invulnerability | 1 | |
| Scroll of Town Portal | 1 | |
5 total

»
AcasiaAerin (
teal | 76 APM | 3117 actions | 41:12)
7 Archmage
2 Summon Water Elemental
1 Brilliance Aura
2 Blizzard
2 Mass Teleport
5 Blood Mage
3 Flame Strike
2 Siphon Mana
» actions
| Assign group hotkey | 60 | |
| Basic commands | 435 | |
| Build / train | 141 | |
| ESC pressed | 2 | |
| Enter build submenu | 29 | |
| Enter hero's abilities submenu | 12 | |
| Give item / drop item | 4 | |
| Right click | 935 | |
| Select / deselect | 623 | |
| Select group hotkey | 763 | |
| Use ability | 112 | |
3117 total
» units
| Peasant | 13 | |
| Rifleman | 18 | |
| Priest | 9 | |
| Blue Drake | 1 | |
| Blue Dragon Whelp | 1 | |
| Sorceress | 8 | |
| Goblin Shredder | 1 | |
| Mortar Team | 5 | |
| Siege Engine | 13 | |
| Knight | 4 | |
73 total
» upgrades
| Gunpowder | 3 | |
| Armor | 3 | |
| Long Rifles | 1 | |
| Lumber Harvesting | 2 | |
| Priest Training | 2 | |
| Sorceress Training | 2 | |
| Flare | 1 | |
| Fragmentation Shards | 1 | |
| Plating | 3 | |
| Swords | 1 | |
| Barrage | 1 | |
| Animal War Training | 1 | |
21 total
» buildings
| Farm | 12 | |
| Altar of Kings | 1 | |
| Blacksmith | 1 | |
| Barracks | 2 | |
| Keep | 4 | |
| Arcane Vault | 1 | |
| Lumber Mill | 3 | |
| Arcane Sanctum | 2 | |
| Town Hall | 2 | |
| Castle | 3 | |
| Workshop | 2 | |
33 total
» build order
00:09 Farm
00:12 Altar of Kings
00:35 Blacksmith
01:03 Farm
01:37 Barracks
02:03 Farm
02:47 Farm
03:11 Keep
03:11 Keep
03:11 Keep
04:19 Farm
04:45 Farm
05:22 Arcane Vault
05:26 Lumber Mill
06:49 Arcane Sanctum
08:00 Town Hall
08:12 Farm
08:14 Farm
08:57 Farm
09:25 Arcane Sanctum
10:09 Castle
10:09 Castle
11:11 Farm
15:02 Workshop
15:12 Workshop
18:10 Barracks
19:39 Farm
19:42 Lumber Mill
20:23 Town Hall
20:38 Farm
24:49 Lumber Mill
» items
ProtectionSquad (
yellow | 88 APM | 5792 actions | 65:43)
7 Keeper of the Grove
3 Force of Nature
3 Entangling Roots
1 Tranquility
» actions
| Assign group hotkey | 78 | |
| Basic commands | 211 | |
| Build / train | 175 | |
| ESC pressed | 18 | |
| Enter build submenu | 130 | |
| Enter hero's abilities submenu | 8 | |
| Give item / drop item | 1 | |
| Remove unit from queue | 3 | |
| Right click | 2704 | |
| Select / deselect | 699 | |
| Select group hotkey | 1450 | |
| Use ability | 315 | |
5792 total
» units
| Wisp | 95 | |
| Goblin Shredder | 1 | |
| Goblin Zeppelin | 8 | |
| Hippogryph | 9 | |
| Chimaera | 13 | |
| Blue Dragon | 6 | |
132 total
» upgrades
| Ultravision | 2 | |
| Nature's Blessing | 2 | |
| Strength of the Wild | 3 | |
| Reinforced Hides | 3 | |
| Well Spring | 1 | |
| Strength of the Moon | 3 | |
| Moon Armor | 3 | |
| Hippogryph Taming | 1 | |
| Druid of the Talon Training | 2 | |
| Corrosive Breath | 1 | |
| Backpack | 1 | |
| Mark of the Talon | 1 | |
23 total
» buildings
| Hunter's Hall | 1 | |
| Altar of Elders | 1 | |
| Moon Well | 14 | |
| Ancient Protector | 86 | |
| Tree of Life | 5 | |
| Tree of Ages | 2 | |
| Ancient of Wonders | 2 | |
| Tree of Eternity | 1 | |
| Ancient of Wind | 2 | |
| Chimaera Roost | 4 | |
118 total
» build order
00:04 Hunter's Hall
00:27 Altar of Elders
01:21 Moon Well
02:09 Ancient Protector
02:30 Ancient Protector
02:45 Moon Well
03:26 Ancient Protector
04:15 Moon Well
05:17 Ancient Protector
06:03 Ancient Protector
06:12 Tree of Life
06:15 Ancient Protector
06:22 Ancient Protector
06:26 Moon Well
06:46 Ancient Protector
07:20 Ancient Protector
08:49 Tree of Ages
09:08 Ancient Protector
09:21 Ancient Protector
09:22 Ancient Protector
11:41 Ancient of Wonders
12:07 Tree of Life
12:29 Tree of Eternity
13:50 Moon Well
13:52 Moon Well
14:21 Ancient Protector
14:24 Ancient Protector
15:24 Ancient of Wind
15:25 Ancient of Wind
15:35 Ancient Protector
15:37 Ancient Protector
16:44 Chimaera Roost
16:45 Chimaera Roost
16:48 Chimaera Roost
16:49 Chimaera Roost
18:04 Ancient Protector
18:05 Ancient Protector
18:06 Ancient Protector
18:07 Ancient Protector
18:10 Ancient Protector
18:33 Ancient Protector
18:33 Ancient Protector
18:34 Ancient Protector
18:35 Ancient Protector
20:07 Ancient Protector
20:09 Ancient Protector
20:11 Ancient Protector
20:12 Ancient Protector
20:13 Ancient Protector
20:21 Ancient Protector
20:22 Ancient Protector
21:03 Tree of Life
21:03 Ancient Protector
21:04 Ancient Protector
21:06 Ancient Protector
21:06 Tree of Life
21:54 Ancient Protector
21:58 Ancient Protector
22:03 Ancient Protector
22:05 Ancient Protector
22:10 Ancient Protector
22:15 Ancient Protector
24:03 Ancient Protector
24:04 Ancient Protector
24:05 Ancient Protector
24:18 Ancient Protector
24:19 Ancient Protector
24:37 Ancient Protector
24:41 Ancient Protector
25:04 Ancient Protector
26:45 Moon Well
26:47 Moon Well
28:25 Ancient Protector
28:32 Ancient Protector
28:42 Ancient Protector
28:44 Ancient Protector
28:54 Ancient Protector
28:58 Ancient Protector
29:00 Ancient Protector
29:03 Ancient Protector
29:05 Ancient Protector
29:46 Ancient Protector
30:14 Ancient Protector
30:17 Ancient Protector
30:33 Ancient Protector
30:47 Ancient Protector
31:34 Ancient Protector
31:35 Ancient Protector
32:17 Ancient Protector
32:18 Ancient Protector
32:26 Ancient Protector
32:27 Ancient Protector
33:10 Ancient Protector
34:22 Tree of Life
35:12 Ancient Protector
35:13 Ancient Protector
35:29 Ancient Protector
35:30 Ancient Protector
35:32 Ancient Protector
35:34 Ancient Protector
35:42 Ancient Protector
35:51 Ancient Protector
35:53 Ancient Protector
36:00 Ancient Protector
36:45 Moon Well
39:03 Ancient Protector
39:04 Ancient Protector
39:08 Ancient Protector
39:10 Ancient Protector
39:13 Ancient Protector
39:24 Ancient Protector
43:33 Ancient of Wonders
44:29 Tree of Ages
45:36 Moon Well
45:37 Moon Well
45:39 Moon Well
45:41 Moon Well
45:45 Moon Well
» items
| Boots of Speed | 1 | |
| Periapt of Vitality | 1 | |
| Staff of Teleportation | 1 | |
| Circlet of Nobility | 1 | |
| Orb of Venom | 1 | |
| Scroll of Town Portal | 1 | |
6 total

»
MiniZ (
pink | 37 APM | 2092 actions | 56:38)
6 Paladin
3 Holy Light
1 Divine Shield
1 Devotion Aura
1 Resurrection
6 Archmage
1 Summon Water Elemental
3 Blizzard
1 Brilliance Aura
1 Mass Teleport
4 Dark Ranger
1 Black Arrow
2 Life Drain
1 Silence
1 Priestess of the Moon
1 Starfall
1 Keeper of the Grove
1 Force of Nature
» actions
| Basic commands | 2 | |
| Build / train | 132 | |
| Enter build submenu | 59 | |
| Enter hero's abilities submenu | 18 | |
| Give item / drop item | 4 | |
| Remove unit from queue | 1 | |
| Right click | 1165 | |
| Select / deselect | 585 | |
| Use ability | 126 | |
2092 total
» units
| Peasant | 24 | |
| Footman | 7 | |
| Goblin Zeppelin | 1 | |
| Gryphon Rider | 3 | |
| Knight | 18 | |
| Dragonhawk Rider | 1 | |
| Goblin Shredder | 1 | |
| Mortar Team | 11 | |
| Flying Machine | 2 | |
| Hippogryph | 6 | |
74 total
» upgrades
| Animal War Training | 1 | |
| Storm Hammers | 1 | |
| Swords | 3 | |
| Armor | 1 | |
| Cloud | 1 | |
| Plating | 3 | |
| Gunpowder | 2 | |
| Fragmentation Shards | 1 | |
| Flak Cannons | 1 | |
14 total
» buildings
| Farm | 21 | |
| Altar of Kings | 1 | |
| Lumber Mill | 1 | |
| Barracks | 3 | |
| Scout Tower | 13 | |
| Arcane Vault | 1 | |
| Arcane Tower | 2 | |
| Keep | 1 | |
| Blacksmith | 1 | |
| Castle | 1 | |
| Guard Tower | 9 | |
| Town Hall | 4 | |
| Gryphon Aviary | 3 | |
| Workshop | 2 | |
| Ancient of Wind | 1 | |
64 total
» build order
00:25 Farm
00:39 Altar of Kings
01:02 Lumber Mill
01:08 Barracks
01:30 Farm
02:07 Scout Tower
02:21 Farm
02:31 Arcane Vault
02:37 Arcane Tower
03:05 Farm
03:09 Farm
03:35 Farm
04:05 Keep
04:32 Blacksmith
04:53 Farm
05:24 Scout Tower
06:23 Farm
06:33 Castle
07:16 Scout Tower
07:33 Farm
07:57 Scout Tower
07:59 Guard Tower
08:09 Town Hall
09:00 Gryphon Aviary
09:04 Gryphon Aviary
09:10 Gryphon Aviary
09:18 Farm
10:06 Guard Tower
10:09 Scout Tower
11:18 Town Hall
11:35 Arcane Tower
13:16 Scout Tower
14:23 Guard Tower
15:48 Barracks
17:29 Scout Tower
17:46 Scout Tower
17:48 Scout Tower
18:16 Guard Tower
18:18 Scout Tower
18:27 Guard Tower
18:28 Guard Tower
19:11 Farm
20:01 Farm
20:43 Farm
20:47 Workshop
21:25 Farm
21:41 Farm
21:46 Farm
22:06 Town Hall
22:17 Farm
22:43 Farm
23:04 Workshop
24:06 Farm
24:09 Scout Tower
24:19 Farm
24:53 Guard Tower
24:54 Scout Tower
24:57 Scout Tower
25:01 Farm
27:03 Guard Tower
27:51 Guard Tower
27:53 Barracks
32:47 Town Hall
48:57 Ancient of Wind
» items
| Scroll of Regeneration | 3 | |
| Lesser Clarity Potion | 1 | |
| Potion of Healing | 3 | |
| Boots of Speed | 1 | |
| Orb of Fire | 1 | |
9 total
Chat log
(00:11 / Allies) THOTH: HEY GUYS
(00:18 / Allies) NeonPeon: are u all new?
(00:30 / Allies) forest-of-acada: no
(00:31 / All) NeonPeon: : ( wtf did i do to deserve this
(00:31 / Allies) forest-of-acada: we are not
(00:34 / Allies) THOTH: is anyone new in this 10 year old game?
(00:35 / Allies) THOTH: rofl
(00:36 / Allies) NeonPeon: ok good
(00:39 / All) ProtectionSquad: Deserve what?
(00:41 / Allies) NeonPeon: hmm well
(00:45 / All) NeonPeon: u didnt see loading screen....
(00:52 / Allies) NeonPeon: just distracting btw, idc
(00:57 / All) MiniZ: they have awesome record
(00:58 / All) ProtectionSquad: Why, what did I miss?
(01:01 / All) TreesHaveEyes: I'm downloading Kim Kardashian porn
(01:10 / All) THOTH: youre about to lose to a level 0
(01:24 / All) NeonPeon: 3 of em i think :/
(01:25 / Allies) THOTH: go there soon as hero out
(01:33 / Allies) NeonPeon: i have late hero
(01:44 / All) forest-of-acada: god damn nigger miami heat won again
(02:09 / All) TreesHaveEyes: Ginobli is only player worth rooting for
(02:13 / All) TreesHaveEyes: coming off the bench what a joke
(02:21 / Allies) THOTH: purple help
(02:21 / All) forest-of-acada: matt bonner too
(02:22 / All) TreesHaveEyes: best spurs player
(02:33 / All) forest-of-acada: tim duncan is white idiot
(02:38 / All) TreesHaveEyes: lol
(03:44 / Allies) THOTH: whats the point of that
(03:46 / All) forest-of-acada: who here likes black women
(03:54 / All) ProtectionSquad: I love fat nigger ladies
(03:57 / Allies) TreesHaveEyes: let him play the game man
(04:01 / Allies) forest-of-acada: come red
(04:04 / Allies) forest-of-acada: help me cc this shit
(05:48 / Allies) forest-of-acada: gold plz
(07:10 / Allies) THOTH: im going tanks
(07:17 / Allies) NeonPeon: dryads for me
(07:18 / Allies) NeonPeon: tons
(07:29 / Allies) THOTH: the other 2 should go air
(07:33 / Allies) THOTH: chims and hip riders
(07:51 / Allies) NeonPeon: cloak if u want
(07:55 / Allies) NeonPeon: and gaunts
(07:57 / Allies) NeonPeon: for anyone
(08:19 / Allies) forest-of-acada: gold red so i can tower more
(08:31 / Allies) THOTH: im gonna have it all spent soon
(08:55 / Allies) NeonPeon: lets all go mid
(08:57 / Allies) forest-of-acada: pick me up
(09:12 / Allies) forest-of-acada: control
(09:27 / Allies) NeonPeon: they creeping
(09:27 / Allies) TreesHaveEyes: good knowledge
(09:50 / Allies) TreesHaveEyes: priests first
(10:13 / Allies) NeonPeon: cmonnnn theyr takin the whole mid
(12:00 / Allies) forest-of-acada: hit bot left
(12:01 / Allies) forest-of-acada: if u do
(12:05 / Allies) forest-of-acada: noob at bot left
(12:11 / Allies) THOTH: i need this expo
(12:18 / Allies) TreesHaveEyes: purp does bro
(12:19 / Allies) THOTH: ...
(12:26 / Allies) forest-of-acada: let it go ill feed u red
(12:29 / Allies) THOTH: so he can make more towers?
(12:33 / Allies) THOTH: youre not even at tier3
(12:34 / Allies) THOTH: ..
(12:35 / Allies) TreesHaveEyes: we'll both feed
(14:24 / Allies) THOTH: green lets attack
(14:35 / Allies) NeonPeon: love to : )
(14:38 / Allies) NeonPeon: they got all mage air
(15:25 / Allies) THOTH: lol
(15:26 / Allies) THOTH: mass air
(15:44 / Allies) NeonPeon: its all anyone knows how to do on this map
(15:50 / Allies) TreesHaveEyes: I lsot out on exp I think
(17:01 / Allies) NeonPeon: heal plz
(17:40 / Allies) THOTH: lol
(18:00 / Allies) THOTH: my paladin has no more mana
(18:12 / All) NeonPeon: lol pink
(18:15 / All) NeonPeon: u like hero targeting
(18:16 / All) NeonPeon: its sad
(19:20 / Allies) forest-of-acada: red ur tanks owned this game
(19:22 / Allies) forest-of-acada: good job
(19:30 / Allies) NeonPeon: im b
(19:33 / Allies) THOTH: lol
(19:33 / Allies) NeonPeon: i gotta regroup
(19:38 / Allies) THOTH: no mana on paladin
(19:43 / Allies) NeonPeon: same
(19:46 / Allies) NeonPeon: my heros are dry
(19:59 / Allies) NeonPeon: might as well grab a dragon
(21:52 / Allies) THOTH: anyone need lumber?
(21:56 / Allies) forest-of-acada: me
(22:02 / Allies) forest-of-acada: gold actually
(22:02 / Allies) forest-of-acada: nvm
(22:11 / Allies) NeonPeon: im loaded
(22:13 / Allies) NeonPeon: and 100 food lol
(22:23 / Allies) THOTH: guys get units
(22:26 / Allies) THOTH: lets wrap this game up
(22:28 / Allies) THOTH: onto the next
(22:42 / Allies) NeonPeon: lol
(22:46 / Allies) NeonPeon: that makes me laugh
(22:49 / Allies) THOTH: mortars
(22:50 / Allies) forest-of-acada: tp
(22:55 / Allies) THOTH: gonna own my tanks
(22:58 / Allies) THOTH: lets attack now
(24:12 / All) NeonPeon: shit balls
(24:15 / All) NeonPeon: u wrecked me
(24:17 / All) NeonPeon: 4 dryads
(24:32 / Allies) THOTH: lets go green
(24:35 / Allies) THOTH: time to wrap this up
(24:39 / Allies) NeonPeon: waitin on ur siege
(24:46 / Allies) forest-of-acada: hit bot left
(24:47 / Allies) forest-of-acada: pink
(24:53 / Allies) THOTH: nah
(24:56 / Allies) NeonPeon: i need a tele
(24:56 / Allies) THOTH: get the towers
(25:01 / Allies) forest-of-acada: forget the towers
(25:05 / Allies) forest-of-acada: they are no threat
(25:06 / Allies) THOTH: towers are food
(25:08 / Allies) THOTH: for my heros
(25:10 / Allies) THOTH: ineed levels
(26:02 / Allies) THOTH: pink dont run away
(26:03 / Allies) THOTH: from me
(26:09 / Allies) THOTH: err
(26:10 / Allies) THOTH: green
(26:20 / Allies) THOTH: come here ill heal you
(26:51 / Allies) forest-of-acada: control my keeper
(28:01 / Allies) THOTH: that attack didnt go so well
(28:13 / Allies) NeonPeon: indeed
(28:17 / Allies) NeonPeon: lost all my dryads : (
(28:21 / Allies) NeonPeon: back to no upkeep lol
(28:30 / Allies) THOTH: yeah
(28:34 / Allies) THOTH: i have no more income
(28:50 / Allies) NeonPeon: u other 2 makin units ever?
(28:55 / Allies) NeonPeon: or just fuckin with em
(28:59 / All) TreesHaveEyes: lawls
(29:00 / Allies) THOTH: were gonna lose
(29:02 / Allies) THOTH: if you guys dont make an army
(29:47 / Allies) forest-of-acada: ur bot right expo turncoat
(29:48 / Allies) forest-of-acada: no wisps
(30:08 / Allies) THOTH: now they got blue dragon
(30:24 / All) ProtectionSquad: gtfo
(30:25 / Allies) NeonPeon: hey purp and blue make an army plz : (
(30:26 / All) MiniZ: ..
(30:28 / Allies) NeonPeon: i cant 1v4
(31:00 / Allies) NeonPeon: please make an army.....
(31:40 / Allies) THOTH: we lost..
(31:42 / Allies) THOTH: lol
(32:02 / Allies) NeonPeon: gonna make some bears...
(32:51 / Allies) THOTH: blue give me gold
(32:55 / Allies) THOTH: you have a ton and i have nothing
(32:58 / Allies) NeonPeon: i cant afford to tp and save u
(33:00 / Allies) NeonPeon: so i dunno
(33:07 / Allies) TreesHaveEyes: ;et me secure another expo first
(33:12 / Allies) THOTH: ....
(33:14 / Allies) NeonPeon: u guys fuckin arround
(33:16 / Allies) NeonPeon: we gonna lose
(33:34 / Allies) THOTH: go with heros only
(33:35 / Allies) THOTH: green
(34:05 / Allies) THOTH: go
(34:53 / Allies) TreesHaveEyes: LMAO
(34:58 / Allies) TreesHaveEyes: I ned made wisps for it
(35:02 / Allies) forest-of-acada: i told u about it
(35:03 / Allies) forest-of-acada: lalw
(35:09 / Allies) TreesHaveEyes: I thought you mean pink's
(35:10 / Allies) THOTH: ...
(35:11 / Allies) NeonPeon: make an army?
(35:28 / Allies) TreesHaveEyes: I was wondering why I had so little gold
(35:33 / Allies) THOTH: green lets go get kills with heros
(35:44 / Allies) THOTH: green go
(35:45 / Allies) NeonPeon: too much
(35:48 / Allies) THOTH: naw
(35:50 / Allies) THOTH: just hit and run
(35:51 / Allies) THOTH: were fine
(35:54 / Allies) THOTH: move you block in me
(35:57 / Allies) NeonPeon: cant
(35:58 / Allies) NeonPeon: stuck
(36:37 / Allies) THOTH: coming
(36:41 / Allies) THOTH: go
(36:51 / Allies) TreesHaveEyes: I need to get root soon
(37:27 / Allies) THOTH: b
(38:03 / Allies) THOTH: they got another dragon now..
(38:05 / Allies) forest-of-acada: make wisps
(38:05 / Allies) forest-of-acada: turncoat
(38:07 / Allies) forest-of-acada: island expo
(38:32 / Allies) forest-of-acada: bob
(38:38 / Allies) forest-of-acada: make wisps
(38:53 / Allies) NeonPeon: .....
(38:55 / Allies) NeonPeon: so boring
(38:55 / Allies) THOTH: green go
(39:44 / Allies) THOTH: bring 6 dryads
(39:46 / Allies) THOTH: and ill
(39:48 / Allies) THOTH: ressurect
(40:41 / Allies) THOTH: kotg
(41:07 / Allies) THOTH: yellos kotg
(41:34 / Allies) THOTH: lol
(41:36 / Allies) THOTH: funny game
(41:39 / Allies) THOTH: but still ..
(42:34 / Allies) NeonPeon: need mana lol
(43:33 / Allies) NeonPeon: good thing theyr fucking morons
(43:37 / Allies) THOTH: lol..
(43:42 / Allies) THOTH: and good thing i owned them hard early on
(43:42 / Allies) NeonPeon: cause we woulda def lost if they had any idea what was goin on
(43:46 / Allies) THOTH: i killed all their expos
(43:49 / Allies) THOTH: and oranges main
(43:51 / All) ProtectionSquad: You are the only moron green
(44:04 / Allies) THOTH: haha you guys all friends?
(44:27 / Allies) THOTH: can ihave some gold please...?
(44:30 / All) NeonPeon: ur right, making units = bad choice
(44:34 / All) TreesHaveEyes: forest #1 strategy
(44:37 / All) ProtectionSquad: I have 80 food chippo
(44:51 / Allies) THOTH: blue purple give me some gold
(44:52 / Allies) THOTH: cmon
(45:00 / Allies) THOTH: ...
(45:02 / Allies) THOTH: more than 100
(45:27 / All) ProtectionSquad: GJ moron
(45:40 / All) NeonPeon: whats that?
(45:50 / All) ProtectionSquad: You lost tons of HP at no cost for me
(45:56 / All) NeonPeon: no cost for me
(46:00 / All) NeonPeon: i miss something
(46:04 / All) ProtectionSquad: Yes, it costs you mana from wells and HP
(46:10 / All) NeonPeon: wells that refill
(46:17 / All) NeonPeon: we got 3 ne bro, i dont think it matters
(46:20 / All) ProtectionSquad: They take time to refill, and it costs you that too
(47:44 / Allies) TreesHaveEyes: fag keeps killing my shit in the middle so I can never grab a dragon
(47:56 / Allies) TreesHaveEyes: was going to be the only unit I was going to get period
(48:14 / Allies) NeonPeon: whats ur plan for winning?
(48:29 / All) TreesHaveEyes: dinner bell
(48:31 / All) forest-of-acada: pointless doing next to fountain
(48:54 / Allies) THOTH: yellow has 3 dragons
(50:02 / Allies) TreesHaveEyes: lol
(50:09 / Allies) NeonPeon: this is the stupidest
(50:36 / Allies) THOTH: wtf
(50:47 / Allies) THOTH: just killed my hero on purpose
(50:48 / Allies) THOTH: ..
(51:07 / Allies) THOTH: 200 gold
(51:09 / Allies) THOTH: to revive my hero
(51:09 / Allies) forest-of-acada: god
(51:11 / Allies) forest-of-acada: he is a winy brat
(51:15 / Allies) TreesHaveEyes: yeah bro
(51:19 / Allies) TreesHaveEyes: I thought that was what he wanted
(52:04 / Allies) forest-of-acada: just apologize
(52:14 / Allies) THOTH: im sorry you killed my hero
(52:21 / Allies) NeonPeon: lol
(52:44 / Allies) forest-of-acada: im gonna crack up if he leaves
(52:54 / Allies) forest-of-acada: if u keep it up
(52:56 / Allies) THOTH: who me?
(53:26 / Allies) TreesHaveEyes: Fucking retard lol
(53:28 / Allies) forest-of-acada: can u use those tanks red
(53:43 / Allies) forest-of-acada: i told u the other day he whined that my expo towers killed his wyverns
(53:44 / Allies) THOTH: give me 4000 gold and i will
(53:46 / Allies) forest-of-acada: he told me to micro the towers
(53:49 / Allies) forest-of-acada: i wasnt ewvnw atching him
(54:11 / Allies) THOTH: you guys are intentionally prolonging the game and you want me to waste my units
(54:21 / Allies) forest-of-acada: we're trying to kill pink
(54:23 / Allies) forest-of-acada: hes being a homo
(55:07 / Allies) forest-of-acada: man
(55:10 / Allies) forest-of-acada: this replay makes it worth it
(55:20 / Allies) forest-of-acada: i could care less if he leaves
(55:22 / Allies) THOTH: lol
(55:22 / Allies) forest-of-acada: this is funny
(55:25 / Allies) TreesHaveEyes: lol
(55:27 / Allies) NeonPeon: if u say so
(55:27 / Allies) forest-of-acada: green is whining
(55:28 / Allies) TreesHaveEyes: pink is still here
(55:28 / Allies) THOTH: ill admit it is funny
(55:44 / Allies) NeonPeon: meh it was funny 20 minutes ago
(55:48 / Allies) NeonPeon: now its just nonsense, but w/e
(55:51 / Allies) NeonPeon: take ur times
(56:04 / Allies) THOTH: im killing their towers 1 by 1
(56:06 / Allies) THOTH: with divine shield
(56:27 / All) ProtectionSquad: No you won't red
(56:42 / Allies) TreesHaveEyes: shit
(56:43 / Allies) TreesHaveEyes: lawls
(56:48 / All) ProtectionSquad: pink: u fucking mother fucking with no fucking dick and use ur fucking mom to fuck ur fucking dick
(56:53 / All) ProtectionSquad: then he left
(56:58 / All) THOTH: hahaha
(57:00 / All) forest-of-acada: is ur side good?
(57:05 / All) ProtectionSquad: my team sucked ass
(57:23 / All) ProtectionSquad: green and red are funny, they think they have this
(57:27 / All) ProtectionSquad: should we tell them?
(57:31 / All) forest-of-acada: our team wasn't any better, green went bears when clearly it was obvious this was gonna be a 1 hour+ game with towers everywher
(57:54 / All) NeonPeon: when i went bears there were knights and tanks attacking, but ok
(58:03 / All) NeonPeon: if ur mad i didnt tower like crazy i appologize
(58:08 / All) NeonPeon: no one filled me in on the strategy
(58:10 / All) ProtectionSquad: You sucked
(58:13 / All) NeonPeon: haha
(58:18 / All) ProtectionSquad: Just admit it, you lost this 1v4
(58:27 / All) NeonPeon: fraid not
(58:33 / All) ProtectionSquad: Oh really/
(58:35 / Allies) forest-of-acada: turncoat
(58:38 / Allies) forest-of-acada: should we uproot or not
(58:42 / Allies) forest-of-acada: if we dont he will leave
(58:43 / All) NeonPeon: purp n blue gonna bs me n red?
(58:43 / All) ProtectionSquad: We are the protection squad, the Schutzstaffel, the S.S
(58:50 / Allies) TreesHaveEyes: What if I attack his army with mass hippos
(58:57 / Allies) forest-of-acada: he will leave for sure
(59:02 / Allies) TreesHaveEyes: lol
(59:07 / Allies) forest-of-acada: how about we let green and reds pally kill his kotg
(59:09 / Allies) TreesHaveEyes: I wonder how mad he would be
(59:19 / Allies) TreesHaveEyes: kil lhis kotg
(59:21 / Allies) TreesHaveEyes: we won't stop you
(59:28 / Allies) forest-of-acada: dont staff
(59:29 / Allies) forest-of-acada: lalw
(60:10 / Allies) forest-of-acada: he is gonna leave
(60:12 / Allies) forest-of-acada: if he tps again
(60:15 / Allies) TreesHaveEyes: I'll pretend to be afk
(61:02 / Allies) NeonPeon: heal my ava plz
(61:33 / Allies) TreesHaveEyes: can't get no, satisfaction!
(62:05 / Allies) TreesHaveEyes: If I raped his army with mass hippo that would be the funniest shit ever
(62:10 / Allies) TreesHaveEyes: but he would instantly alt qq
(62:14 / Allies) TreesHaveEyes: as soon as I attacked
(62:16 / All) forest-of-acada: yes
(62:18 / All) forest-of-acada: go hippo now
(62:21 / Allies) TreesHaveEyes: or as soon as he was sure he was gonna lsoe the battle
(62:30 / Allies) TreesHaveEyes: let me get 100 food and 3/3
(63:01 / Allies) TreesHaveEyes: green be near the pally
(63:03 / Allies) TreesHaveEyes: and be full mana
(63:04 / Allies) NeonPeon: lemme roar u
(63:36 / Allies) NeonPeon: better get a tp in case ur settin me up
(63:43 / Allies) NeonPeon: lol
(64:03 / Allies) TreesHaveEyes: where is his army
(64:33 / Allies) TreesHaveEyes: find his army
(64:40 / Allies) forest-of-acada: red
(64:42 / Allies) forest-of-acada: find his army
(64:46 / Allies) THOTH: ok
(64:47 / Allies) NeonPeon: honestly im surprised he hasnt flown a sneak attack arround to my base yet
(65:22 / All) ProtectionSquad: You realise I can just altqq to sabotage it?
(65:40 / All) ProtectionSquad: You get the win, green and red
(65:42 / All) ProtectionSquad: gj
(65:43 / All) ProtectionSquad: gg